Cogmind - Beta 14 @@@ ROGUE MODE // 2025.04.26 @ 19:48:22 Player: nameimpending Result: Destroyed by D-53 Grenadier with Mini Grenade Launcher Performance ------------- Evolutions (0) 0 Regions Visited (2) 400 Robots Destroyed (19) 95 Value Destroyed (536) 536 Prototype IDs (0) 0 Alien Tech Used (0) 0 Bonus (0) 0 TOTAL SCORE: 1031 Bonus ------- None Cogmind --------- Core Integrity 0/250 Matter 190/300 Energy 69/100 System Corruption 0% Temperature Cool (0) Movement Core (200) Ox3 Location -10/Mines Parts ------- > --- POWER (1) -------- (None) > --- PROPULSION (2) --- (None) > --- UTILITY (2) ------ Medium Storage Unit > --- WEAPON (2) ------- (None) > --- INVENTORY (10) --- Ion Engine Large Storage Unit Small Matter Pod (50) Small Matter Pod (40) Light Assault Rifle Peak State ------------ > --- POWER ------------ Light Nuclear Core > --- PROPULSION ------- Armored Wheel Armored Wheel > --- UTILITY ---------- Medium Storage Unit Improved Terrain Scanner > --- WEAPON ----------- Rocket Launcher Rocket Launcher > --- INVENTORY -------- Ion Engine Light Treads Light Treads Large Storage Unit Small Matter Pod Small Matter Pod Light Assault Rifle [Rating: 15] Favorites ----------- Power Light Nuclear Core Engine Improved Ion Engine Power Core Light Nuclear Core Propulsion Light Treads Treads Light Treads Wheel Armored Wheel Utility Medium Storage Unit Device Improved Terrain Scanner Storage Medium Storage Unit Weapon Light Assault Rifle Ballistic Gun Light Assault Rifle Launcher Rocket Launcher Build | -11 -10 -10 ------- Run | Yrd Mat Min Slots Evolved . | . . . Power . | . . . Propulsion . | . . . Utility . | . . . Weapon . | . . . Parts Attached 20 | 7 9 4 Power 4 | 1 3 . Engine 3 | 1 2 . Core 1 | . 1 . Reactor . | . . . Propulsion 6 | 2 2 2 Treads 4 | 2 . 2 Leg . | . . . Wheel 2 | . 2 . Hover . | . . . Flight . | . . . Utility 5 | 2 3 . Device 3 | 1 2 . Storage 2 | 1 1 . Processor . | . . . Hackware . | . . . Protection . | . . . Artifact . | . . . Weapon 5 | 2 1 2 Energy Gun . | . . . Energy Cannon . | . . . Ballistic Gun 3 | 2 1 . Ballistic Cannon . | . . . Launcher 2 | . . 2 Special Weapon . | . . . Impact Weapon . | . . . Slashing Weapon . | . . . Piercing Weapon . | . . . Special Melee Weapon . | . . . Unidentified Prototypes . | . . . Parts Lost 12 | . 4 8 Power 2 | . 1 1 Propulsion 4 | . . 4 Utility 2 | . 1 1 Weapon 4 | . 2 2 Highest Loss Streak 8 | . 2 8 To Critical Strikes . | . . . Average Slot Usage (%) 95 | . 95 86 Engine 6 | . 7 . Core 6 | . 6 11 Treads 17 | . 18 1 Wheel 10 | . 9 25 Device 12 | . 12 14 Storage 14 | . 14 14 Ballistic Gun 24 | . 26 6 Launcher 1 | . . 12 Peak Build Rating 15 | 9 14 15 Average Rating 11 | 5 11 13 On Entrance 7 | . 9 13 Naked Turns . | . . . Heaviest Build 24 | 14 21 24 Greatest Support 40 | 40 40 40 Greatest Overweight (x) 2 | 2 . . Average Overweight (x) . | . . . Largest Inventory Capacity 10 | 8 10 10 Average Capacity 9 | 7 9 10 Most Carried 9 | 2 9 8 Average Carried 6 | 1 6 7 Final Capacity 10 | 8 10 10 Final Carried 8 | 2 8 5 Class Distribution -------------------- 100% | Mutant Dominant Class ---------------- Mutant | -10/Materials Mutant | -10/Mines Resources | -11 -10 -10 ----------- Run | Yrd Mat Min Matter Collected 715 | 203 512 . Remotely . | . . . Salvage Created 770 | 44 683 43 Parts 48 | 8 40 . Haulers Intercepted 1 | . 1 . Recyclers Shooed 1 | . 1 . Parts Field Recycled . | . . . Retrieved Matter . | . . . Parts Self-Destructed . | . . . Prevented . | . . . Kills | -11 -10 -10 ------- Run | Yrd Mat Min Combat Hostiles Destroyed 29 | . 13 16 Guns 13 | . 13 . AOE 16 | . . 16 Classes Destroyed 5 | 1 3 1 Tunneler 3 | 2 1 . Hauler 1 | . 1 . Watcher 2 | . 2 . Grunt 13 | . 13 . Assembled 16 | . . 16 Best Kill Streak 15 | 1 3 15 Combat Bots Only 15 | . 3 15 Max Kills in Single Turn 6 | 1 1 6 Gunslinging . | . . . Exploded 6 | . . 6 Melee . | . . . Uniques/NPCs Destroyed . | . . . Combat | -11 -10 -10 -------- Run | Yrd Mat Min Hostile Shots Fired 98 | . 80 18 Missed 22 | . 20 2 Damage Taken 1329 | . 715 614 Core 286 | . 102 184 Absorbed by Shields . | . . . Regen/Repaired (Parts) 20 | . 20 . Core Remaining (%) 100 | 100 . . Volleys Fired 109 | 4 100 5 Largest 2 | 2 2 2 Hottest 66 | 40 40 66 Shots Fired 188 | 8 170 10 Gun 178 | 8 170 . Cannon . | . . . Launcher 10 | . . 10 Special . | . . . Kinetic 178 | 8 170 . Thermal . | . . . Explosive 10 | . . 10 Electromagnetic . | . . . Robot Hit Streak 11 | 4 11 9 Robot Miss Streak 6 | 1 6 1 Penetration Max . | . . . Secondary Targets 1 | . 1 . Max Gunslinging Chain 1 | . 1 . Shots Hit Robots 120 | 6 110 4 Core Hits 70 | 2 38 30 Critical Kills . | . . . Critical Parts Destroyed 3 | . 3 . Critical Strikes 3 | . 3 . Destroy 3 | . 3 . Melee Attacks . | . . . Impact . | . . . Slashing . | . . . Piercing . | . . . Sneak Attacks . | . . . Combat Hostiles . | . . . Follow-up Attacks . | . . . Damage Inflicted 2120 | 60 1020 1040 Guns 1074 | 60 1014 . Cannons . | . . . Explosions 1040 | . . 1040 Melee . | . . . Ramming 6 | . 6 . Kinetic 1074 | 60 1014 . Thermal . | . . . Explosive 1040 | . . 1040 Electromagnetic . | . . . Impact . | . . . Slashing . | . . . Piercing . | . . . Highest Corruption . | . . . Average Corruption . | . . . Corruption Purged . | . . . Corruption Blocked . | . . . Overload Shots . | . . . Overflow Damage 15 | . . 15 Projectiles . | . . . Explosions 15 | . . 15 Melee . | . . . Knockbacks 1 | . 1 . Impact 1 | . 1 . Kinetic . | . . . Secondary . | . . . Self-Inflicted Damage 107 | . 2 105 Shots 3 | . . 3 Rammed 2 | . 2 . Targets Rammed 2 | . 2 . Kicked . | . . . Crushed . | . . . Highest Temperature 51 | . 51 24 Average Temperature 9 | . 8 13 Received Heat Transfer 420 | . 420 . Siege Activations . | . . . Robots Corrupted . | . . . Combat Hostiles . | . . . Parts Fried . | . . . Impact Corruptions . | . . . Robots Melted . | . . . Combat Hostiles . | . . . Parts Melted . | . . . Heat Transferred . | . . . Parts Sabotaged . | . . . Parts Stolen . | . . . Parts Stripped . | . . . Power Chain Reactions . | . . . Alert | -11 -10 -10 ------- Run | Yrd Mat Min Peak Influence 269 | 10 269 68 Initial 33 | . 6 33 Average 109 | 3 121 43 Maximum Alert Level 1 | . 1 . Low Security (%) 93 | 100 92 100 Level 1 6 | . 7 . Level 2 . | . . . Level 3 . | . . . Level 4 . | . . . Level 5 . | . . . High Security . | . . . Max Security . | . . . Squads Dispatched 4 | . 4 . Investigation 4 | . 4 . Extermination . | . . . Reinforcement . | . . . Assault . | . . . Garrison . | . . . Intercept . | . . . Searches Triggered . | . . . Construction Impeded . | . . . Haulers Reinforced . | . . . Active Scanning Responses . | . . . Cargo Convoy Interrupts . | . . . Stealth | -11 -10 -10 --------- Run | Yrd Mat Min Distress Signals 2 | . 2 . Communications Jammed . | . . . Distress Signals . | . . . Times Spotted 41 | . 21 20 Peak Tracking Total 19 | . 4 19 Tactical Retreats 2 | . 1 1 Traps | -11 -10 -10 ------- Run | Yrd Mat Min Traps Triggered 1 | . 1 . Indirectly . | . . . Trap Hack Attempts . | . . . Triggered . | . . . Disarmed . | . . . Reprogrammed . | . . . Reused . | . . . Traps Extracted . | . . . Installed . | . . . Triggered . | . . . Machines | -11 -10 -10 ---------- Run | Yrd Mat Min Machines Disabled . | . . . Max in Single Turn . | . . . Machines Repaired . | . . . Machines Dismantled . | . . . Machines Sabotaged . | . . . Overloaded Fab Kills . | . . . Hacking | -11 -10 -10 --------- Run | Yrd Mat Min Machines Accessed 8 | . 8 . Terminals 5 | . 5 . Fabricators . | . . . Repair Stations 1 | . 1 . Recycling Units 2 | . 2 . Scanalyzers . | . . . Garrison Access . | . . . Total Hacks 21 | . 21 . Successful 12 | . 12 . Failed 9 | . 9 . Catastrophic 1 | . 1 . Database Lockouts . | . . . Manual 18 | . 18 . Terminals 16 | . 16 . Fabricators . | . . . Repair Stations 3 | . 3 . Recycling Units 2 | . 2 . Scanalyzers . | . . . Garrison Access . | . . . Terminal Hacks 4 | . 4 . Branch Access Points 1 | . 1 . Emergency Access Points 1 | . 1 . Terminal Index 1 | . 1 . Recycling Unit Index 1 | . 1 . Fabricator Hacks . | . . . Repair Station Hacks 2 | . 2 . Scan Component 1 | . 1 . Repair 1 | . 1 . Recycling Unit Hacks . | . . . Scanalyzer . | . . . Garrison Access Hacks . | . . . Unauthorized Hacks 6 | . 6 . Terminals 4 | . 4 . Botnet 4 | . 4 . Fabricators . | . . . Repair Stations . | . . . Recycling Units 2 | . 2 . Tunnel 2 | . 2 . Scanalyzers . | . . . Garrison Access . | . . . Data Cores Recovered . | . . . Used . | . . . Hacking Detections 5 | . 5 . Full Trace Events 2 | . 2 . Feedback Events . | . . . Feedback Blocked . | . . . Robot Schematics Acquired . | . . . Robots Built . | . . . Authchips . | . . . Time . | . . . Total Robot Build Rating . | . . . Part Schematics Acquired . | . . . Parts Built . | . . . Authchips . | . . . Time . | . . . Total Part Build Rating . | . . . Parts Repaired 1 | . 1 . Time 38 | . 38 . Parts Recycled . | . . . Recycled Matter . | . . . Retrieved Matter . | . . . Retrieved Components . | . . . Parts Scanalyzed . | . . . Part Schematics Acquired . | . . . Parts Damaged . | . . . Bothacking | -11 -10 -10 ------------ Run | Yrd Mat Min Used RIF Installer . | . . . Robots Hacked . | . . . Non-combat . | . . . Combat . | . . . Robot Hacks Applied . | . . . Relay Couplers Released . | . . . Fabnet Peak Effective % . | . . . Robots Rewired . | . . . Allies Hacked . | . . . Hacks Repelled . | . . . Allies | -11 -10 -10 -------- Run | Yrd Mat Min Total Allies . | . . . Largest Group . | . . . Highest-Rated Group . | . . . Highest-Rated Ally . | . . . Total Orders . | . . . Ally Attacks . | . . . Total Damage . | . . . Kills . | . . . Allies Corrupted . | . . . Allies Melted . | . . . Intel | -11 -10 -10 ------- Run | Yrd Mat Min Robot Analysis Total . | . . . Derelict Logs Recovered . | . . . Drone Launches . | . . . Drone Recoveries . | . . . Exploration | -11 -10 -10 ------------- Run | Yrd Mat Min Turns Passed 1400 | 84 1212 104 Spaces Moved 785 | 44 649 92 Core 10 | 10 . . Treads 428 | 34 392 2 Legs . | . . . Wheels 347 | . 257 90 Hover . | . . . Flight . | . . . Fastest Speed 50 | 50 90 90 Average Speed 127 | 139 132 91 Slowest Speed 160 | 160 160 160 Overloaded Moves . | . . . Propulsion Burnouts . | . . . Robots Hopped . | . . . Cave-ins Triggered . | . . . Exploration Rate (%) 42 | 3 86 39 Regions Visited 2 Branch Regions 1 Pre-discovered Areas 2 | . 2 . Known Exits Taken 1 | . 1 . Unknown Exits Taken 1 | 1 . . Scrap Searched . | . . . Spaces Dug 21 | . . 21 Terrain Destroyed 84 | . . 84 Melee . | . . . Projectile . | . . . AOE 84 | . . 84 Terrain Rammed . | . . . Walls Destroyed . | . . . Machines Disabled . | . . . Actions | -11 -10 -10 --------- Run | Yrd Mat Min Total 1010 | 56 853 101 Wait 84 | . 84 . Move 783 | 43 648 92 Hop . | . . . Pick Up 10 | 2 8 . Fast Attach 9 | 7 2 . Attach 5 | . 2 3 Detach . | . . . Swap 6 | . 5 1 Drop 2 | . 2 . Fire 109 | 4 100 5 Melee . | . . . Ram 2 | . 2 . Kick . | . . . Crush . | . . . Escape Stasis . | . . . Rewire . | . . . Trap . | . . . Miscellaneous . | . . . Route ------- -11/Scrapyard -10/Materials (discovered 4 exits: [*Mat x2] / *Min x2) -10/Mines History --------- Turn | Location | Event 11 | -11/Scrapyard | Discovered new exit (range 15) 85 | -11/Scrapyard | Entered Materials 127 | -10/Materials | Discovered new exit (range 11) 277 | -10/Materials | Discovered new exit (range 16) 304 | -10/Materials | Build established: Mutant 369 | -10/Materials | Identified exit to Mines 988 | -10/Materials | Repaired Imp. Terrain Scanner 994 | -10/Materials | Discovered new exit (range 16) 1297 | -10/Materials | Entered Mines 1308 | -10/Mines | Met a Derelict bent on vengeance 1344 | -10/Mines | Assembled infested the area 1349 | -10/Mines | Assisted by a Guerilla fighting off Assembled 1377 | -10/Mines | Destroyed 15 combat bots 1389 | -10/Mines | Core integrity fell below 50% 1400 | -10/Mines | Core integrity fell below 20% 1401 | -10/Mines | Destroyed by D-53 Grenadier with Mini Grenade Launcher Last Messages --------------- 01355_ as-92208 suffers critical hit (Destroy). 01356_ as-23121 destroyed. 01356_ as-92208 destroyed. [Achievement: Exterminator] 01361_ The unstable cave ceiling collapses. 01388_ as-85753 destroyed. 01388_ Lgt. Nuclear Core destroyed. 01388_ Destroyed Lgt. Nuclear Core. 01393_ C-30 ARC bursts open, deploying its payload. 01393_ D-53 Grenadier unfolds itself. 01394_ Rocket Launcher destroyed. 01394_ Arm. Wheel destroyed. 01396_ The unstable cave ceiling collapses. 01397_ Rocket Launcher destroyed. 01398_ The unstable cave ceiling collapses. 01399_ Lgt. Treads destroyed. 01400_ The unstable cave ceiling collapses. 01401_ Lgt. Treads destroyed. 01401_ Imp. Terrain Scanner destroyed. Map ----- +----------------------------------------------------+ | | | | | | | | | | | | | | | | | | | | | | | | | | | | | | | | | ???????????????????????#####?????????????????????? | | ??????????????????????#"!|"#?????????????????????? | | ???????????#?????#?????"[]""?????????????????????? | | ??????????????#???????? Y#????????????????????? | | ??????????????????????? ###???????????????????? | | ?????????????????????### # #??#????????????????? | | ????????#???????????## #???????????????????? | | ???????????????????## ###?????????????????? | | ???????####???????## ########???????????? | | ???????#" #?####?# @ ????????? | | ???????# " ## ### ????????? | | ???????# #########???????????? | | ???????# #???????????????????? | | ????????# # d d ##??#????????????????? | | ?????????# # ##???#????#???????????? | | ????#????## % # ##?????????????????????? | | ?????????# # ## ####??????????????????????? | | ?????????# # ?##??????????????????????????? | | ?????????## #?????#??????? ???????????????? | | ??????????# ###?????#???????? ??????????????? | | ??????????# #??#??????????????????????????? | | ??????????## ##?????????????????????????????? | | ???????????### #??????????????????????????????? | | ??????????#??# ##?????? ???? #???????????????? | | ?????????????# ###?#??????? #???????????????? | | ????????????## "#??##?????? #???????????????? | | ???????????## ###????? ? ????????????????? | | ???????????# ##?????? #????????????????? | | ???????????# ##???? #????????????????? | | ???????????# #???? #????????????????? | | ???????????## #???# #????????????????? | | ????????????## #### #?????????????????? | | ?????????????## ## #???????????????????? | | ???????##????## #????????????????????? | +----------------------------------------------------+ Best States ------------- Heat Dissipation 25 Energy Generation 14 Energy Capacity 265 Matter Stores 300 Matter Capacity 300 Sight Range 16 Terrain Scan Range 16 Terrain Scan Density 10 Evasion (%) 42 Recoil Reduction 2 Item Schematics ----------------- None Robot Schematics ------------------ None Fabricated ------------ Nothing Alien Tech Used ----------------- None Achievements -------------- Exterminator Challenges ------------ None Game ------ Seed LegHardlightDesublimator Manual? 0 Play Time 00:11:28 Cumulative 56.2 hours Start 2025.04.26 @ 16:02:42 End 2025.04.26 @ 19:48:22 Sessions 2 Manual Loads 0 Difficulty Rogue Special Mode None Game No. 56 Rogue 52 Adventurer 4 Explorer 0 Win Type - Total 1 Types 1/0/0/0/0/0/0/0/0 Lore% 20 Gallery% 45 Achievement% 36 Wizard Run 0 Options --------- Layout 1 ASCII 0 Keyboard 0 Movement Numpad Keybinds 0 Fullscreen 1 Font 24/Smallcaps Map View 50x35 Zoom Use 0% Tactical HUD 1 Map Filters NONE Filters NONE Steam 1 RUN: ce83ac18-e393-486e-b68e-341f71bb631c